 Dungeon Crawl Stone Soup version 0.25-a0-1136-gc1285e62ab (webtiles) character file.

Game seed: 2293489162313341319, levelgen mode: deterministic

33765 Foltvin the Geomancer (level 13, 0/78 HPs)
             Began as a Gargoyle Earth Elementalist on May 23, 2020.
             Was a High Priest of Vehumet.
             Incinerated by a deep elf mage (6 damage)
             ... with a sticky flame
             ... on level 13 of the Dungeon.
             The game lasted 00:43:27 (21058 turns).

Foltvin the Geomancer (GrEE)                       Turns: 21058, Time: 00:43:27

Health: 0/78       AC: 24    Str: 14    XL:     13   Next: 73%
Magic:  21/26      EV: 14    Int: 19    God:    Vehumet [*****.]
Gold:   1039       SH:  5    Dex: 10    Spells: 10/31 levels left

rFire    . . .     SeeInvis .   c - +5 dire flail (holy)
rCold    . . .     Gourm    .   (shield currently unavailable)
rNeg     + . .     Faith    .   K - +0 steam dragon scales
rPois    ∞         Spirit   .   x - +1 hat
rElec    +         Reflect  +   (no cloak)
rCorr    .         Harm     .   A - +0 pair of gloves
MR       .....     Clarity  +   (no boots)
Stlth    +.........             e - amulet of reflection
HPRegen  0.23/turn              C - +4 ring of protection
MPRegen  0.20/turn              (no ring)

@: liquid flames, glowing
A: antennae 1, iridescent scales 1, clarity, negative energy resistance 1, sense
surroundings 1, electricity resistance, unbreathing, petrification resistance,
rot immunity, AC +9
a: Renounce Religion


You were on level 13 of the Dungeon.
You worshipped Vehumet.
Vehumet was extremely pleased with you.
You were not hungry.

You visited 2 branches of the dungeon, and saw 14 of its levels.
You also visited: Sewer.

You collected 1039 gold pieces.

Inventory:

Hand Weapons
 c - a +5 dire flail of holy wrath (weapon)
 B - a +1 short sword of venom
 D - a +0 morningstar of freezing
Missiles
 b - 71 stones (quivered)
 h - 5 atropa-tipped darts
Armour
 j - a +1 robe of resistance
 x - a +1 hat (worn)
 A - a +0 pair of gloves (worn)
 K - +0 steam dragon scales (worn)
Magical Staves
 E - an uncursed staff of fire
Jewellery
 e - an amulet of reflection (around neck)
 k - an uncursed ring of ice
 C - a +4 ring of protection (left hand)
Wands
 z - a wand of random effects (22)
 G - a wand of flame (10)
 H - a wand of disintegration (7)
Scrolls
 f - 8 scrolls of amnesia
 m - 10 scrolls of remove curse
 n - 6 scrolls of teleportation
 o - 3 scrolls of fear
 q - 7 scrolls of magic mapping
 r - 3 scrolls of immolation
 I - 2 scrolls of fog
Potions
 a - 3 potions of haste
 i - 7 potions of curing
 l - a potion of mutation
 p - 3 potions of flight
 s - a potion of heal wounds
 t - a potion of brilliance
 v - 2 potions of might
Miscellaneous
 g - a tin of tremorstones (3/3)
Comestibles
 d - 23 rations


   Skills:
 + Level 7.8 Fighting
 + Level 7.1 Maces & Flails
 - Level 6.0 Armour
 + Level 6.2 Dodging
 - Level 2.1 Stealth
 + Level 9.7 Spellcasting
 + Level 10.8 Conjurations
   Level 0.7 Transmutations
 * Level 1.8 Fire Magic
 + Level 12.5 Earth Magic
 - Level 6.0 Evocations


You had 10 spell levels left.
You knew the following spells:

 Your Spells              Type           Power        Failure   Level  Hunger
a - Sandblast             Erth           ######       1%          1    None
b - Stone Arrow           Conj/Erth      ######       1%          3    None
c - Lee's Rapid Deconstr  Erth           ######....   1%          5    #####..
d - Fireball              Conj/Fire      ####......   4%          5    #####..
e - Orb of Destruction    Conj           ######....   19%         7    #######

Your spell library contained the following spells:

 Spells                   Type           Power        Failure   Level  Hunger
 Foxfire                  Conj/Fire      ####         1%          1    None
 Passwall                 Tmut/Erth      ####....     1%          2    None
 Conjure Flame            Conj/Fire      ####....     1%          3    None
 Sticky Flame             Conj/Fire      ####....     1%          4    ###....
 Inner Flame              Hex/Fire       ##......     4%          3    None
 Petrify                  Tmut/Erth      ####....     4%          4    ###....
 Leda's Liquefaction      Hex/Erth       ####......   6%          4    ###....
 Corona                   Hex            #......      8%          1    None
 Infusion                 Chrm           #...         8%          1    None
 Shroud of Golubria       Chrm/Tloc      #.....       12%         2    None
 Slow                     Hex            #.......     12%         2    None
 Song of Slaying          Chrm           #.......     12%         2    None
 Confusing Touch          Hex            #.......     22%         3    None
 Gell's Gravitas          Tloc           #.........   22%         3    None
 Ozocubu's Armour         Chrm/Ice       #.......     22%         3    None
 Portal Projectile        Hex/Tloc       #.....       22%         3    None
 Spectral Weapon          Hex/Chrm       #.......     22%         3    None
 Yara's Violent Unravell  Hex/Tmut       ##........   41%         5    #####..
 Cause Fear               Hex            #.........   58%         4    ###....
 Metabolic Englaciation   Hex/Ice        #.........   91%         5    #####..


Dungeon Overview and Level Annotations

Branches:
Dungeon (13/15)            Temple (1/1) D:5            Lair (0/6) D:8
    Orc (0/2) D:10          Sewer (visited)
 Vaults: D:13-14

Altars:
Cheibriados
Dithmenos
Gozag
Hepliaklqana
Kikubaaqudgha
Makhleb
Nemelex Xobeh
Okawaru
Qazlal
Ru
Trog
Uskayaw
Vehumet
Yredelemnul
The Shining One

Shops:
D:6 (

Portals:
Trove: D:12 (give +3 shadow dragon scales)

Annotations:
D:13 1 exclusion


Innate Abilities, Weirdness & Mutations

You are resistant to torment.
Your stone body is resilient. (AC +9)
You are immune to poison.
You resist negative energy. (rN+)
You are resistant to electric shocks. (rElec)
You can survive without breathing.
You are immune to petrification.
You are immune to rotting.
You have a pair of small antennae on your head.
You are partially covered in iridescent scales. (AC +2)
You possess an exceptional clarity of mind.
You passively map a small area around you.


Message History

Confirm with . or Enter, or press ? or * to list all spells.
You can't see any susceptible monsters within range! (Use Z to cast anyway.)
You are covered in liquid flames!
* * * LOW HITPOINT WARNING * * *
Things that are here:
a +0 long sword; a +0 leather armour Unknown command.
Unknown command.
You are covered in liquid flames!
* * * LOW HITPOINT WARNING * * *
You feel better.
You are covered in liquid flames!
* * * LOW HITPOINT WARNING * * *
You feel better.
You are covered in liquid flames!
* * * LOW HITPOINT WARNING * * *
You are covered in liquid flames!
* * * LOW HITPOINT WARNING * * *
You are covered in liquid flames!
You die...

.#....#......#.............#
.#....#......#.............#
.#....+......#....##.......#
.##...*#.)...#....##.......#
.##...##.....'....#.....^..#
..#...+......#.)).#........#
..#...##.....##...##.......#
.##...#########...##.......#
.##...##........@....<.....#
.##...##...................#
..#^...#..........##.......#
..+....'..........##.......#
..#....#...........#.......#
.##...#########...##.......#
.##...##..##.##...##.......#
.##.......#................#
..........#................#


There were no monsters in sight!

Vanquished Creatures
  Kirke (D:12)
  2 storm dragons (D:12)
  A fire giant (D:12)
  Fannar (D:9)
  2 hydras
  Erolcha (D:10)
  2 two-headed ogres
  2 tengu warriors (D:12)
  An unseen horror (D:13)
  Pikel (D:4)
  A wolf spider zombie (D:13)
  3 deep elf magi
  The ghost of PgLoLo the Insei, a novice GnTm of Sif Muna (D:6)
  A wolf spider (D:12)
  2 manticores (D:12)
  2 cyclopes (D:12)
  3 ugly things
  Psyche (D:11)
  4 kobold demonologists (D:11)
  A komodo dragon (D:11)
  3 trolls
  5 slime creatures (D:12)
  2 dream sheep (D:9)
  5 hippogriffs
  A shadow (D:11)
  A wyvern (D:11)
  Sigmund (D:2)
  4 hogs (D:12)
  18 yaks
  2 wraiths
  A basilisk (D:12)
  A hungry ghost (D:10)
  4 vampire mosquitoes (D:12)
  A steam dragon (D:11)
  Edmund (D:6)
  2 soldier ants (D:13)
  4 porcupines (D:8)
  2 phantoms
  2 ice beasts
  5 orc warriors
  3 black bears (D:8)
  3 sky beasts
  A boggart (D:12)
  3 wolves (D:8)
  6 ogres
  2 centaurs
  Blork the orc (D:6)
  10 big kobolds
  3 crocodiles
  5 bullfrogs
  A wyvern skeleton (D:9)
  3 scorpions
  5 jellies
  7 killer bees
  5 wights
  5 howler monkeys (D:9)
  A quasit (D:9)
  2 bullfrog zombies (D:10)
  4 crimson imps
  2 centaur zombies
  9 hounds
  3 lava snakes (D:10)
  8 orc priests
  A bullfrog skeleton (D:5)
  13 orc wizards
  A centaur skeleton (D:6)
  A gnoll shaman (D:5)
  4 iguanas
  9 worker ants
  A hound zombie (D:11)
  A mummy (D:6)
  19 gnolls
  A howler monkey skeleton (D:8)
  6 adders
  A river rat (D:3)
  3 shadow imps
  7 oozes (D:1)
  An adder zombie (D:5)
  An adder skeleton (D:5)
  2 worms
  2 dart slugs
  6 leopard geckos
  34 orcs
  11 bats
  9 giant cockroaches
  30 goblins
  33 hobgoblins
  17 jackals
  33 kobolds
  3 quokkas
  5 ball pythons
  13 frilled lizards
  A jackal skeleton (D:6)
  A leopard gecko skeleton (D:5)
  A quokka zombie (D:10)
  9 rats
  3 plants (Sewer)
473 creatures vanquished.

Vanquished Creatures (others)
  3 adders
  2 orcs (D:4)
  A hobgoblin (D:3)
  2 jackals (D:4)
  A kobold (D:9)
  A fungus (D:8)
  2 plants
12 creatures vanquished.

Grand Total: 485 creatures vanquished

Notes
Turn   | Place    | Note
-------+----------+-------------------------------------------
     0 | D:1      | Foltvin the Gargoyle Earth Elementalist began the quest for
                  | the Orb.
     0 | D:1      | Reached XP level 1. HP: 10/10 MP: 3/3
     1 | D:1      | Found a runed translucent door.
   128 | D:1      | Reached skill level 4 in Earth Magic
   128 | D:1      | Reached XP level 2. HP: 8/15 MP: 1/5
   500 | D:1      | Reached XP level 3. HP: 6/19 MP: 4/7
   505 | D:1      | Learned a level 3 spell: Stone Arrow
  1691 | D:1      | Reached skill level 1 in Conjurations
  1692 | D:1      | Reached XP level 4. HP: 24/24 MP: 3/8
  2445 | D:2      | Reached skill level 5 in Earth Magic
  2447 | D:2      | Reached XP level 5. HP: 28/28 MP: 3/9
  2641 | D:2      | Noticed Sigmund
  2655 | D:2      | Killed Sigmund
  2655 | D:2      | Reached XP level 6. HP: 14/32 MP: 0/11
  3068 | D:3      | Found a stormy altar of Qazlal.
  3136 | D:3      | Found a glowing drain.
  3140 | Sewer    | Entered a sewer
  3973 | Sewer    | Reached skill level 6 in Earth Magic
  4527 | D:3      | Found a shadowy altar of Dithmenos.
  4581 | D:3      | Learned a level 5 spell: Lee's Rapid Deconstruction
  5067 | D:3      | Reached XP level 7. HP: 36/36 MP: 7/13
  6142 | D:3      | Reached skill level 7 in Earth Magic
  6812 | D:4      | Reached skill level 5 in Spellcasting
  6816 | D:4      | Reached skill level 5 in Conjurations
  6816 | D:4      | Reached XP level 8. HP: 41/41 MP: 8/15
  7068 | D:4      | Noticed Pikel
  7084 | D:4      | Killed Pikel
  7084 | D:4      | Reached skill level 8 in Earth Magic
  7618 | D:4      | Found an opulent altar of Gozag.
  7619 | D:4      | Found a glowing golden altar of the Shining One.
  7745 | D:5      | Entered Level 5 of the Dungeon
  7960 | D:5      | Found a staircase to the Ecumenical Temple.
  7976 | Temple   | Entered the Ecumenical Temple
  8057 | Temple   | Became a worshipper of Vehumet
  8562 | D:5      | Reached XP level 9. HP: 45/45 MP: 11/18
  9049 | D:5      | Reached skill level 9 in Earth Magic
  9718 | D:5      | Reached * piety under Vehumet
  9718 | D:5      | Offered knowledge of Freeze by Vehumet.
 10052 | D:6      | Noticed Blork the orc
 10061 | D:6      | Noticed Edmund
 10062 | D:6      | Killed Blork the orc
 10081 | D:6      | Killed Edmund
 10411 | D:6      | Found Jugicvij's Weapon Emporium.
 10687 | D:6      | Found a large runed translucent door.
 10687 | D:6      | Found a large runed translucent door.
 10688 | D:6      | Noticed PgLoLo's ghost (novice GnTm)
 10723 | D:6      | Found a snail-covered altar of Cheibriados.
 10774 | D:6      | Killed PgLoLo's ghost
 10774 | D:6      | Reached skill level 1 in Fighting
 10774 | D:6      | Reached skill level 1 in Maces & Flails
 10774 | D:6      | Reached skill level 1 in Armour
 10774 | D:6      | Reached skill level 1 in Evocations
 11072 | D:6      | Reached XP level 10. HP: 42/52 MP: 19/21
 11752 | D:8      | Reached skill level 10 in Earth Magic
 11760 | D:8      | Offered knowledge of Magic Dart by Vehumet.
 11760 | D:8      | Reached ** piety under Vehumet
 11884 | D:8      | Found a staircase to the Lair.
 13156 | D:9      | Offered knowledge of Mephitic Cloud by Vehumet.
 13200 | D:9      | Noticed a three-headed hydra
 13208 | D:9      | Killed a three-headed hydra
 13208 | D:9      | Reached XP level 11. HP: 61/61 MP: 13/23
 13343 | D:9      | Gained mutation: You possess an exceptional clarity of
                  | mind. [potion of mutation]
 13343 | D:9      | Gained mutation: You have a pair of small antennae on your
                  | head. [potion of mutation]
 13343 | D:9      | Gained mutation: You are partially covered in iridescent
                  | scales. (AC +2) [potion of mutation]
 13343 | D:9      | Gained mutation: You passively map a small area around you.
                  | [potion of mutation]
 13457 | D:9      | Noticed a two-headed ogre
 13466 | D:9      | Killed a two-headed ogre
 13816 | D:10     | Entered Level 10 of the Dungeon
 13816 | D:10     | Found a staircase to the Orcish Mines.
 13904 | D:9      | Reached *** piety under Vehumet
 13941 | D:10     | Noticed Fannar
 14297 | D:9      | Offered knowledge of Iskenderun's Mystic Blast by Vehumet.
 14755 | D:9      | Killed Fannar
 14755 | D:9      | Reached skill level 11 in Earth Magic
 15167 | D:10     | Noticed Erolcha
 15192 | D:9      | Reached **** piety under Vehumet
 15227 | D:9      | Offered knowledge of Airstrike by Vehumet.
 15387 | D:10     | Noticed a two-headed ogre
 15389 | D:10     | Killed Erolcha
 15389 | D:10     | Reached skill level 5 in Armour
 15517 | D:10     | Killed a two-headed ogre
 15517 | D:10     | Reached skill level 5 in Fighting
 16473 | D:11     | Noticed a purple ugly thing
 16485 | D:11     | Killed a purple ugly thing
 16485 | D:11     | Reached XP level 12. HP: 68/68 MP: 5/24
 16498 | D:11     | Found an iron altar of Okawaru.
 16499 | D:11     | Noticed Psyche
 16507 | D:11     | Killed Psyche
 16939 | D:11     | Reached skill level 5 in Maces & Flails
 17018 | D:11     | Noticed a sun demon
 17853 | D:12     | Noticed Kirke
 17860 | D:12     | Killed Kirke
 17860 | D:12     | Reached skill level 5 in Dodging
 17860 | D:12     | Reached skill level 10 in Conjurations
 17860 | D:12     | Reached skill level 5 in Evocations
 17905 | D:12     | Noticed a storm dragon
 18205 | D:12     | Noticed a tengu warrior
 18224 | D:12     | Killed a tengu warrior
 18470 | D:12     | Noticed a storm dragon
 18482 | D:12     | Noticed a tengu warrior
 18492 | D:12     | Killed a tengu warrior
 18577 | D:12     | Learned a level 5 spell: Fireball
 18766 | D:12     | Reached skill level 12 in Earth Magic
 18812 | D:12     | Reached XP level 13. HP: 76/76 MP: 21/26
 18847 | D:12     | Killed a storm dragon
 18878 | D:12     | Noticed a fire giant
 19140 | D:12     | Found an ancient bone altar of Kikubaaqudgha.
 19147 | D:12     | Reached ***** piety under Vehumet
 19437 | D:12     | Offered knowledge of Orb of Destruction by Vehumet.
 19446 | D:12     | Learned a level 7 spell: Orb of Destruction
 19677 | D:12     | Killed a storm dragon
 19688 | D:12     | Noticed a fire giant
 19989 | D:12     | Found a portal to a secret trove of treasure.
 20020 | D:12     | Killed a fire giant
 20593 | D:13     | Reached skill level 1 in Fire Magic
 21058 | D:13     | Incinerated by a deep elf mage

Illustrated notes

Levels and vault maps discovered:
D:1:      dpeg_arrival_caged_fury, layout_basic, minmay_pentomino_z2
D:2:      layout_basic, first_ration, uniq_sigmund
D:3:      minmay_goblin_kobold_castle, layout_basic,
          nicolae_overflow_crystal_walls, grunt_dithmenos_smoke_and_mirrors,
          gup_sewer_entry_bowl
D:4:      layout_rooms, gammafunk_temple_overflow_wave, uniq_pikel
D:5:      layout_basic, minmay_temple_entry_glassed_door
D:6:      layout_basic, ebering_ghost_disaster_area, serial_shops, shop_statue,
          chei_slow_surprise, uniq_blork_the_orc, uniq_edmund
D:7:      layout_basic
D:8:      layout_basic, minmay_lair_entry_grove
D:9:      layout_long_grid, hangedman_ranch [blue_anna_fruit_fields]
D:10:     layout_big_octagon, uniq_fannar, uniq_erolcha
D:11:     layout_basic, basic_altar, kennysheep_small_square, uniq_psyche
D:12:     minmay_octo_star, layout_irregular_city, enter_trove_2,
          minmay_ruined_shrine, uniq_kirke
D:13:     layout_gridville, lightli_vaults_fourway_checkpoint,
          kennysheep_generic_room_12
Temple:   dpeg_five_rooms_temple

Skill      XL: |  1  2  3  4  5  6  7  8  9 10 11 12 13 |
---------------+----------------------------------------+-----
Earth Magic    | 4 5 6 7 8 9 10 11 12 | 12.5
Conjurations   | 1 3 5 6 7 8 9 10 | 10.8
Spellcasting   | 3 4 5 6 7 8 9 |  9.7
Fighting       | 1 4 5 6 7 |  7.8
Maces & Flails | 1 3 4 6 7 |  7.1
Armour         | 1 3 5 6 |  6.0
Dodging        | 2 3 4 5 6 |  6.2
Evocations     | 1 3 4 5 6 |  6.0
Fire Magic     | 1 |  1.8
Stealth        | |  2.1
Transmutations | |  0.7

Action                   |  1- 3 |  4- 6 |  7- 9 | 10-12 | 13-15 || total
-------------------------+-------+-------+-------+-------+-------++-------
Melee: Club              |    32 |       |       |       |       ||    32
       Mace              |    48 |   347 |   259 |     6 |       ||   660
       Short sword       |       |       |       |   310 |    35 ||   345
       Dire flail        |       |       |       |       |    78 ||    78
 Cast: Sandblast         |    18 |    71 |   156 |   253 |    69 ||   567
       Lee's Rapid Decon |       |       |     2 |    41 |    12 ||    55
       Stone Arrow       |       |       |       |    13 |    12 ||    25
       Fireball          |       |       |       |     2 |     4 ||     6
Evoke: Wand              |       |       |     6 |    10 |     5 ||    21
       Tin of tremorston |       |       |       |       |     1 ||     1
  Use: Scroll            |       |     7 |     6 |    12 |     6 ||    31
       Potion            |       |       |     5 |     5 |     6 ||    16
 Stab: Sleeping          |       |     3 |     3 |       |       ||     6
       Distracted        |       |       |     1 |       |       ||     1
  Eat: Chunk             |     3 |     8 |    19 |    28 |     7 ||    65
       Ration            |       |     1 |       |     3 |     1 ||     5
Armor: Robe              |    49 |   132 |   152 |   252 |       ||   585
       Skin              |       |       |     7 |       |       ||     7
       Steam dragon scal |       |       |       |    50 |   119 ||   169
Dodge: Dodged            |    73 |   201 |   239 |   409 |   111 ||  1033
Block: Other             |       |       |       |   137 |    45 ||   182
       Reflection        |       |       |       |     6 |     2 ||     8

Table legend:
 A = Non-vault XP
 B = Vault XP
 C = Vault XP percentage of total XP
 D = Non-vault monster count
 E = Vault monster count
 F = Vault count percentage of total count
                 A         B        C        D         E       F
            +---------+---------+-------+---------+---------+-------
      Total |   24588 |   23648 |  49.0 |     315 |     157 |  33.3
            +---------+---------+-------+---------+---------+-------
        D:1 |      62 |      45 |  42.1 |      26 |      12 |  31.6
        D:2 |     110 |     212 |  65.8 |      27 |       1 |   3.6
        D:3 |     188 |     413 |  68.7 |      22 |      62 |  73.8
        D:4 |     339 |     641 |  65.4 |      15 |       1 |   6.2
        D:5 |     992 |       0 |   0.0 |      31 |       0 |   0.0
        D:6 |     806 |     860 |  51.6 |      16 |       4 |  20.0
        D:7 |      92 |       0 |   0.0 |       2 |       0 |   0.0
        D:8 |    1143 |    1535 |  57.3 |      23 |      13 |  36.1
        D:9 |    4474 |    3193 |  41.6 |      52 |       9 |  14.8
       D:10 |    1442 |     973 |  40.3 |      15 |       1 |   6.2
       D:11 |    5875 |     729 |  11.0 |      33 |       3 |   8.3
       D:12 |    5379 |   14986 |  73.6 |      33 |      27 |  45.0
       D:13 |    3686 |       0 |   0.0 |      20 |       0 |   0.0
      Sewer |       0 |      61 | 100.0 |       0 |      24 | 100.0
            +---------+---------+-------+---------+---------+-------
